 Dungeon Crawl Stone Soup version 0.23.0 (webtiles) character file.

Game seed: 18405962337543887535

40 Descartes the Grasshopper (level 3, -8/18 HPs)
             Began as a Vine Stalker Warper on Feb 11, 2019.
             Mangled by a worm (9 damage)
             ... on level 2 of the Dungeon.
             The game lasted 00:04:43 (1555 turns).

Descartes the Grasshopper (Vine Stalker Warper)     Turns: 1555, Time: 00:04:44

Health: -8/18      AC:  3    Str: 13    XL:     3   Next: 50%
Magic:  0/7        EV: 12    Int: 14    God:
Gold:   91         SH:  0    Dex: 13    Spells: 2/6 levels left

rFire    . . .     SeeInvis .     - Unarmed
rCold    . . .     Gourm    .   (no shield)
rNeg     . . .     Faith    .   a - +0 leather armour
rPois    .         Spirit   +   (no helmet)
rElec    .         Reflect  .   (no cloak)
rCorr    .         Harm     .   (no gloves)
MR       .....                  (no boots)
Stlth    +.........             (no amulet)
HPRegen  0.06/turn              (no ring)
MPRegen  0.10/turn              (no ring)

@: no status effects
A: fangs 2, magic shield, antimagic bite, no potion heal 3, rot immunity
a: no special abilities


You were on level 2 of the Dungeon.
You were not hungry.

You visited 1 branch of the dungeon, and saw 2 of its levels.

You collected 91 gold pieces.

Inventory:

Hand Weapons
 b - a +0 hunting sling
Missiles
 d - 5 tomahawks of dispersal (quivered)
 g - 14 stones
Armour
 a - a +0 leather armour (worn)
Scrolls
 c - a scroll of blinking
 e - a scroll of noise {unknown}
 j - a scroll of enchant weapon {unknown}
Potions
 h - a potion of heal wounds {unknown}
Comestibles
 f - 4 rations
 i - a chunk of flesh


   Skills:
 + Level 2.0 Fighting
 - Level 0.8 Throwing
 * Level 1.3 Armour
 + Level 1.8 Dodging
 + Level 0.7 Stealth
 * Level 2.4 Unarmed Combat
 + Level 2.4 Spellcasting
 * Level 0.5 Charms
 * Level 3.1 Translocations


You had 2 spell levels left.
You knew the following spells:

 Your Spells              Type           Power        Failure   Level  Hunger
a - Shroud of Golubria    Chrm/Tloc      #.........   21%         2    ###....
b - Blink                 Tloc           N/A          12%         2    ###....

Your spell library contained the following spells:

 Spells                   Type           Power        Failure   Level  Hunger
 Gell's Gravitas          Tloc           ##........   24%         3    ###....
 Lesser Beckoning         Tloc           ##........   24%         3    ###....
 Teleport Other           Tloc           ##......     24%         3    ###....
 Passage of Golubria      Tloc           N/A          61%         4    #####..


Dungeon Overview and Level Annotations

Branches:
Dungeon (2/15)

Altars:
Gozag


Innate Abilities, Weirdness & Mutations

You have extremely sharp teeth.
When hurt, damage is shared between your health and your magic reserves.
Your bite disrupts and absorbs the magic of your enemies.
Potions cannot restore your health.
You are immune to rotting.


Message History

The worm is lightly wounded.
You hit the worm.
The worm is heavily wounded.
The worm bites you but does no damage.
You barely miss the worm. You punch the worm.
The worm is heavily wounded.
You hit the worm. You bite the worm. You drain its power.
You feel invigorated.
The worm is almost dead.
The worm closely misses you.
You hit the worm but do no damage. You bite the worm, but do no damage.
The worm is almost dead.
You hit the worm. You bite the worm, but do no damage.
The worm is almost dead.
The worm bites you!
* * * LOW HITPOINT WARNING * * *
You hit the worm but do no damage.
The worm is almost dead.
The worm bites you!
Ouch! That really hurt!
You die...

.# #.# #.# #.# .#. #.# .
.....############.####
...).......@w........#
...#############.....# ##..#
##....### ##....#
####.......# ##....#
#######..........# ##...#
#.......##>......# ....#
####.########.......# ...###
#....#####.w........#
$....####....÷)÷...##.......#


You could see a worm.

Vanquished Creatures
  An adder (D:2)
  A worm (D:2)
  A dart slug (D:1)
  7 bats
  2 giant cockroaches (D:1)
  3 goblins
  3 hobgoblins
  2 jackals (D:2)
  2 frilled lizards (D:2)
  2 rats
24 creatures vanquished.

Notes
Turn   | Place    | Note
-------+----------+-------------------------------------------
     0 | D:1      | Descartes the Vine Stalker Warper began the quest for the
                  | Orb.
     0 | D:1      | Reached XP level 1. HP: 11/11 MP: 4/4
   118 | D:1      | Reached skill level 1 in Armour
   241 | D:1      | Reached XP level 2. HP: 12/15 MP: 6/6
   245 | D:1      | Learned a level 2 spell: Shroud of Golubria
   248 | D:1      | Learned a level 2 spell: Blink
  1082 | D:2      | Reached XP level 3. HP: 8/18 MP: 3/7
  1277 | D:2      | Found an opulent altar of Gozag.
  1555 | D:2      | Mangled by a worm

Skill      XL: |  1  2  3 |
---------------+----------+-----
Armour         | 1 |  1.3
Fighting       | 2 |  2.0
Throwing       | |  0.8
Dodging        | |  1.8
Stealth        | |  0.7
Unarmed Combat | |  2.4
Spellcasting   | |  2.4
Charms         | |  0.5
Translocations | |  3.1

Action                   || total
-------------------------++-------
Melee: Unarmed           ||   120
       Bite              ||    29
       Punch             ||     4
 Fire: Hunting sling     ||    22
  Eat: Chunk             ||     2
Armor: Leather armour    ||    40
Dodge: Dodged            ||    92
